AoeStats
← coys

Lombardia

509318657Analyzed
4v4 RM · 5d ago on Sep 26, 2026· 34m 22s· 8 players
Game mode
Random Map
Map size
Large (8 player)
Population
200
Speed
Normal
Resources
Standard
Victory
Conquest
Starting age
Dark Age
Ending age
Imperial Age
RankedLock teamsTeams togetherTeam positionsShared explorationLock speedFull tech treeHidden civsTurbo modeCheats
Victory
Defeat
🇪🇸 Malay · Spain
1248
+16
🇨🇳 Magyars · China
1205
+18
🇮🇳 Britons · India
1178
+47
🇦🇺 Magyars · Australia
1164
+20
🇵🇰 Khitans · Pakistan
1315
-22
🇰🇷 Goths · South Korea
1267
-19
🇵🇰 Bohemians · Pakistan
1251
-18
🇵🇰 Italians · Pakistan
1148
-14
nevermindlosing8042
6:16 Loom
6:33 Loom
8:58 Feudal Age
14:51 Fletching
17:38 Padded Archer Armor
18:29 Town Watch
22:43 Castle Age
22:12 Gold Mining
23:09 Double-Bit Axe
22:56 Crossbowman
23:40 Bodkin Arrow
24:00 Leather Archer Armor
27:33 Wheelbarrow
人老手不慢
12:18 Feudal Age
16:23 Castle Age
14:34 Double-Bit Axe
14:32 Horse Collar
17:02 Wheelbarrow
17:36 Bow Saw
17:50 Heavy Plow
27:47 Hand Cart
27:21 Loom
32:33 Imperial Age
31:44 Scale Barding Armor
31:54 Bloodlines
31:44 Husbandry
33:19 Corvinian Army
33:43 Conscription
34:02 Chain Barding Armor
33:43 Padded Archer Armor
35:08 Crop Rotation
CampaCar
6:34 Loom
9:22 Feudal Age
9:17 Town Watch
9:32 Double-Bit Axe
12:34 Wheelbarrow
17:43 Forging
22:11 Castle Age
28:04 Squires
27:49 Arson
29:52 Hand Cart
31:34 Iron Casting
32:03 Bow Saw
31:44 Horse Collar
34:48 Imperial Age
33:09 Town Patrol
34:01 Gold Mining
simas
6:49 Loom
9:08 Feudal Age
9:46 Double-Bit Axe
9:46 Horse Collar
14:55 Scale Barding Armor
15:39 Gold Mining
16:43 Wheelbarrow
17:40 Bloodlines
21:01 Castle Age
21:14 Light Cavalry
21:55 Husbandry
22:17 Chain Barding Armor
22:58 Town Watch
25:50 Hand Cart
27:07 Bow Saw
27:21 Heavy Plow
Zuku
8:33 Loom
10:19 Feudal Age
11:31 Double-Bit Axe
12:02 Horse Collar
19:43 Wheelbarrow
PAWA
7:15 Loom
7:21 Loom
10:14 Feudal Age
15:35 Castle Age
13:38 Scale Mail Armor
13:48 Forging
14:02 Gold Mining
14:34 Double-Bit Axe
15:28 Stone Mining
20:31 Imperial Age
18:52 Bow Saw
19:02 Squires
19:18 Chain Mail Armor
19:38 Iron Casting
19:18 Pikeman
21:47 Wheelbarrow
23:16 Blast Furnace
23:32 Perfusion
25:47 Two-Man Saw
Mehar
10:52 Feudal Age
11:29 Loom
21:21 Castle Age
coys
10:16 Feudal Age
8:33 Loom
10:46 Double-Bit Axe
11:00 Domestication
Connection lost

Rejoining the realm…

Still unreachable

The connection could not be restored.

Session expired

The server has moved on; the page needs a fresh start.